Map: Frost LE

Players

JAZ - Winner!

  • Race: Terran Terran
  • League: Gold

Nickos

  • Race: Terran Terran
  • League: Silver

VOD

Have the link to the VOD?

Description

Time

  • Played on: Sept. 16, 2016, 12:53 a.m.
  • Length: 5:48
Show
View Real Time Build Order
Export as new Build Order

JAZ Terran - Winner!

Build Orders: Liberator Opening 

Get SALT Encoding   

  12  0:01  SCV  
  13  0:13  SCV  
  14  0:18  Supply Depot  
  14  0:25  SCV  
  15  0:40  SCV  
  15  0:41  Barracks  
  16  0:50  Refinery  
  16  0:52  SCV  
  16  0:56  Refinery  
  18  1:04  SCV  
  18  1:16  SCV  
  19  1:29  Orbital Command  
  19  1:30  Barracks Reactor, Supply Depot  
  19  1:57  Factory  
  19  2:04  SCV  
  19  2:07  Marine x2  
  22  2:16  SCV  
  23  2:25  Marine x2  
  24  2:43  Marine x2  
  26  2:48  Starport  
  26  2:50  Factory Tech Lab  
  26  2:57  SCV  
  27  3:01  Marine x2  
  29  3:10  Supply Depot, SCV  
  30  3:16  Siege Tank  
  30  3:18  Marine  
  30  3:19  Marine  
  35  3:22  SCV  
  36  3:30  Liberator  
  36  3:34  SCV  
  37  3:48  Medivac  
  42  3:58  Marine  
  42  4:02  SCV  
  44  4:03  Factory Tech Lab  
  44  4:05  Supply Depot  
  44  4:09  Liberator  
  44  4:16  Marine  
  48  4:32  Supply Depot, SCV  
  49  4:46  Marine  
  49  4:51  Siege Tank  
  53  4:58  Supply Depot  
  53  5:04  Marine  
  53  5:21  Marine  
Show
View Real Time Build Order
Export as new Build Order

Nickos Terran 

Build Orders: Reaper Expand 

Get SALT Encoding   

  12  0:00  SCV  
  13  0:13  SCV  
  14  0:18  Supply Depot  
  14  0:25  SCV  
  15  0:40  SCV  
  15  0:41  Barracks  
  16  0:45  Refinery  
  16  0:52  SCV  
  17  1:04  SCV  
  18  1:16  SCV  
  19  1:28  Reaper  
  19  1:30  Orbital Command  
  20  1:47  Command Center  
  20  1:57  SCV  
  21  2:08  Supply Depot, Marine  
  21  2:09  SCV  
  21  2:15  Barracks  
  23  2:29  Refinery  
  23  2:30  SCV  
  24  2:47  SCV  
  25  2:58  Factory  
  25  2:59  Barracks Reactor, SCV  
  25  3:00  Orbital Command  
  26  3:11  SCV  
  27  3:23  SCV  
  27  3:25  Barracks Tech Lab  
  27  3:26  SCV  
  28  3:33  Supply Depot  
  28  3:35  SCV  
  28  3:39  SCV  
  28  3:40  Marine x2  
  32  3:48  Starport, SCV  
  33  3:49  Factory Reactor  
  33  3:51  SCV  
  34  4:01  SCV  
  35  4:02  Marine  
  35  4:03  SCV, Marine x2  
  39  4:13  SCV  
  39  4:15  SCV  
  41  4:18  Supply Depot  
  41  4:19  Barracks  
  41  4:20  Barracks, Supply Depot  
  41  4:25  SCV  
  42  4:32  SCV  
  42  4:33  Marine x3  
  42  4:37  Medivac x2  
  42  4:38  SCV  
  51  4:44  SCV  
  52  4:46  Supply Depot  
  52  4:50  SCV  
  53  4:53  Marine x3  
  53  4:56  SCV  
  57  5:02  SCV  
  58  5:09  Marine x2  
  58  5:10  Medivac x2, Marine  
  58  5:11  Marine  
  58  5:12  Marine  
  51  5:26  Marine  
  51  5:27  Marine  
  52  5:28  Marine x2  
  52  5:30  Marine  
Tags
 
Add a new tag
Caveats
  • Supply blocks, unpowered buildings, or Contaminate may cause inaccurate times.
  • Supply counts are checked every 10 seconds.